 Dungeon Crawl Stone Soup version 0.29.0-4-gdea44cf6ec (webtiles) character file.

Game seed: 7512740787408912398

315 qw the Chopper (level 6, 0/35 HPs)
             Began as a Tengu Warper on Aug 28, 2022.
             Slain by Duvessa
             ... wielding a +3 short sword of holy wrath
              (7 damage)
             ... on level 4 of the Dungeon.
             The game lasted 00:00:22 (4089 turns).

qw the Chopper (Tengu Warper)                       Turns: 4089, Time: 00:00:23

Health: 0/35       AC:  9    Str: 13    XL:     6   Next: 44%
Magic:  10/10      EV:  7    Int: 14    God:
Gold:   106        SH:  0    Dex: 13    Spells: 9/9 levels left

rFire   + . .      SeeInvis .   Y - +1 war axe
rCold   . . .      Faith    .   (no shield)
rNeg    . . .      Spirit   .   h - +0 chain mail
rPois   .          Reflect  .   (helmet restricted)
rElec   .          Harm     .   l - +0 cloak
rCorr   .          Rampage  .   (no gloves)
Will    .....                   (boots unavailable)
Stlth   ..........              (no amulet)
HPRegen 0.11/turn               d - ring of protection from fire
MPRegen 0.12/turn               (no ring)

@: about to teleport, flying quickly and evasively, quick
A: beak, talons 3, nimble flight
a: no special abilities


You were on level 4 of the Dungeon.
You visited 1 branch of the dungeon, and saw 4 of its levels.

You collected 106 gold pieces.


Innate Abilities, Weirdness & Mutations

You have a beak for a mouth.
You have claws for feet.
Your magical nature lets you fly swiftly and evasively.


   Skills:
 - Level 2.2 Fighting
 - Level 7.1 Axes
 - Level 1.0 Throwing
 + Level 1.1 Armour
 - Level 2.1 Dodging
 - Level 2.0 Spellcasting
 - Level 2.4 Translocations


You had 9 spell levels left.
You didn't know any spells.
Your spell library contained the following spells:

 Spells                   Type           Power      Damage    Failure   Level
 Blink                    Tloc           16%        N/A       99%         2
 Gell's Gravitas          Tloc           8%         N/A       100%        3
 Lesser Beckoning         Tloc           8%         N/A       100%        3
 Teleport Other           Tloc           8%         N/A       100%        3
 Manifold Assault         Tloc           8%         N/A       100%        5

Inventory:

Hand Weapons
 g - a +0 mace
 Y - a +1 war axe (weapon)
Armour
 b - the +1 leather armour "Yfym" {rF+++}
   (You found it on level 3 of the Dungeon)

   rF:        It renders you almost immune to fire.
 h - a +0 chain mail (worn)
 l - a +0 cloak (worn)
Jewellery
 d - a ring of protection from fire (left hand)
Scrolls
 c - 2 scrolls of identify
Potions
 e - 2 potions of curing
 f - 3 potions of heal wounds

Dungeon Overview and Level Annotations

Branches:
Dungeon (4/15)
 Temple: D:4-7

Altars:
Uskayaw
The Shining One

Shops:
D:1 :

Annotations:
D:4 Dowan, Duvessa


Message History

Found 5 stones.
Dowan shouts!
An ufetubus comes into view.
Duvessa barely misses you.
You hit Duvessa. Your kick misses Duvessa. Your peck misses Duvessa.
Duvessa is lightly wounded.
You hit Dowan.
Duvessa hits you with a +3 short sword of holy wrath!
Dowan smirks and points a slender finger.
Dowan points at you and mumbles some strange words.
The puff of flame hits you. You resist.
You slash Duvessa!
Duvessa is moderately wounded.
You hit Dowan. The ufetubus barely misses you.
The ufetubus hits you but does no damage.
Duvessa hits you with a +3 short sword of holy wrath.
Dowan barely misses you.
You hit Duvessa but do no damage. You claw Duvessa.
You peck Duvessa, but do no damage.
Duvessa is heavily wounded.
You hit Dowan but do no damage. You hit the ufetubus but do no damage.
The ufetubus hits you but does no damage.
The ufetubus barely misses you. Duvessa closely misses you.
Dowan hits you but does no damage. The ufetubus closely misses you.
The ufetubus hits you but does no damage.
You hit Duvessa but do no damage. Your kick misses Duvessa.
Duvessa is heavily wounded.
You miss Dowan. You miss the ufetubus. The ufetubus barely misses you.
The ufetubus hits you but does no damage.
Duvessa hits you with a +3 short sword of holy wrath!
Dowan gestures wildly while chanting.
Dowan blinks!
The ufetubus hits you but does no damage. x2
4089 ||| READING scroll of teleportation.
As you read the scroll of teleportation, it crumbles to dust.
You feel strangely unstable.
Duvessa hits you with a +3 short sword of holy wrath!
You die...

#......#.# #........##
#.........#
#.........##
#..........##
#...........# ###
##....ยค......
#.####....@e...(..
##..##......5......
#...#..##.........#
##.....###.........#
#.....## #........##
#.....#####.....e##
#####.......)..###..##
##............. ...
...###########


You could see Duvessa, Dowan and an ufetubus.

Vanquished Creatures
  Sigmund (D:3)
  A howler monkey skeleton (D:2)
  4 adders (D:2)
  An adder zombie (D:2)
  An adder skeleton (D:2)
  2 worms (D:2)
  3 dart slugs
  4 orcs (D:3)
  5 ball pythons
  7 bats
  7 endoplasms
  8 giant cockroaches
  A goblin (D:1)
  9 hobgoblins
  9 jackals
  A quokka (D:3)
  A ball python skeleton (D:2)
  2 ball python zombies (D:2)
  3 kobolds
  A quokka skeleton (D:2)
  9 rats
80 creatures vanquished.

Vanquished Creatures (others)
  2 demonic plants (D:1)
  A fungus (D:1)
  3 plants (D:1)
6 creatures vanquished.

Grand Total: 86 creatures vanquished

Notes
Turn   | Place    | Note
-------+----------+-------------------------------------------
     0 | D:1      | qw the Tengu Warper began the quest for the Orb.
     0 | D:1      | Reached XP level 1. HP: 12/12 MP: 4/4
     0 | D:1      | 0 ||| qw: Version: 0.1-a-89-g26bdef1
     0 | D:1      | 0 ||| qw: Game counter: 2681
     0 | D:1      | 0 ||| qw: Always use a shield: true
     0 | D:1      | 0 ||| qw: God list: Okawaru
     0 | D:1      | 0 ||| qw: Allow faded altars: false
     0 | D:1      | 0 ||| qw: Do Orc after D:15 true
     0 | D:1      | 0 ||| qw: Do second Lair branch before Depths: true
     0 | D:1      | 0 ||| qw: Lair rune preference: random
     0 | D:1      | 0 ||| qw: Plans: Normal
     0 | D:1      | 0 ||| PLANNING D:1-11
    42 | D:1      | 42 ||| Stepping ~*~*~tactically~*~*~ (stealth).
    43 | D:1      | 43 ||| Stepping ~*~*~tactically~*~*~ (stealth).
    44 | D:1      | 44 ||| Stepping ~*~*~tactically~*~*~ (stealth).
   109 | D:1      | Reached skill level 3 in Axes
   109 | D:1      | Reached XP level 2. HP: 17/17 MP: 6/6
   132 | D:1      | 132 ||| Stepping ~*~*~tactically~*~*~ (stealth).
   413 | D:1      | 413 ||| Stepping ~*~*~tactically~*~*~ (stealth).
   419 | D:1      | 419 ||| Stepping ~*~*~tactically~*~*~ (stealth).
   472 | D:1      | 472 ||| Stepping ~*~*~tactically~*~*~ (stealth).
   477 | D:1      | 477 ||| Stepping ~*~*~tactically~*~*~ (stealth).
   479 | D:1      | 479 ||| Stepping ~*~*~tactically~*~*~ (stealth).
   521 | D:1      | 521 ||| DROPPING +0 club.
   549 | D:1      | Reached XP level 3. HP: 20/21 MP: 7/7
   709 | D:1      | Found a faded altar of an unknown god.
   722 | D:1      | 722 ||| SWAPPING to +0 war axe.
   723 | D:1      | 723 ||| DROPPING +0 hand axe.
   757 | D:1      | Found Opicekk's Book Shop.
   832 | D:1      | Reached skill level 4 in Axes
  1002 | D:1      | 1002 ||| Stepping ~*~*~tactically~*~*~ (stealth).
  1003 | D:1      | 1003 ||| Stepping ~*~*~tactically~*~*~ (stealth).
  1369 | D:1      | 1369 ||| READING scroll labelled NYBACISYNG.
  1373 | D:1      | 1373 ||| READING scroll labelled FESAMPIKACH.
  1374 | D:1      | 1374 ||| DRINKING 4 cyan potions.
  1375 | D:1      | 1375 ||| DROPPING scroll of blinking.
  1403 | D:2      | 1403 ||| STAIRDANCE
  1485 | D:2      | 1485 ||| FLEEEEING.
  1486 | D:2      | 1486 ||| FLEEEEING.
  1487 | D:2      | 1487 ||| FLEEEEING.
  1488 | D:2      | 1488 ||| FLEEEEING.
  1489 | D:2      | 1489 ||| STAIRDANCE
  1532 | D:2      | Reached XP level 4. HP: 8/26 MP: 8/8
  1532 | D:2      | 1532 ||| STAIRDANCE
  2011 | D:2      | Reached skill level 5 in Axes
  2017 | D:2      | 2017 ||| FLEEEEING.
  2018 | D:2      | 2018 ||| FLEEEEING.
  2019 | D:2      | 2019 ||| FLEEEEING.
  2352 | D:2      | You fall into a shaft and drop 1 floor!
  2373 | D:3      | 2373 ||| UPGRADING to +0 scale mail.
  2383 | D:3      | 2383 ||| DROPPING +0 leather armour.
  2384 | D:3      | 2384 ||| UPGRADING to ring of protection from fire.
  2385 | D:3      | 2385 ||| READING scroll labelled YFOOME PEPNENI.
  2386 | D:3      | 2386 ||| READING scroll labelled APAATY JICIA.
  2387 | D:3      | 2387 ||| DRINKING 2 ruby potions.
  2388 | D:3      | Found a hide-covered altar of Uskayaw.
  2389 | D:3      | Identified the +1 leather armour "Yfym" {rF+++}
  2404 | D:2      | Gained mutation: Your magical nature lets you fly swiftly
                  | and evasively. [Tengu growth]
  2404 | D:2      | Reached XP level 5. HP: 25/30 MP: 9/9
  2566 | D:2      | Found a glowing golden altar of the Shining One.
  2582 | D:2      | 2582 ||| Stepping ~*~*~tactically~*~*~ (stealth).
  2803 | D:2      | 2803 ||| READING 3 scrolls of identify.
  2803 | D:2      | 2803 ||| IDENTIFYING inky potion
  2804 | D:2      | 2804 ||| READING 2 scrolls of identify.
  2804 | D:2      | 2804 ||| IDENTIFYING fuming purple potion
  2805 | D:2      | 2805 ||| DROPPING potion of attraction.
  2806 | D:2      | 2806 ||| DROPPING potion of brilliance.
  2827 | D:3      | Noticed Sigmund
  2842 | D:3      | Killed Sigmund
  2843 | D:3      | Reached skill level 7 in Axes
  2843 | D:3      | Reached XP level 6. HP: 29/35 MP: 10/10
  2914 | D:3      | 2914 ||| Stepping ~*~*~tactically~*~*~ (hiding).
  2915 | D:3      | 2915 ||| Stepping ~*~*~tactically~*~*~ (hiding).
  2917 | D:3      | 2917 ||| Stepping ~*~*~tactically~*~*~ (hiding).
  2918 | D:3      | 2918 ||| Stepping ~*~*~tactically~*~*~ (hiding).
  3218 | D:3      | 3218 ||| Stepping ~*~*~tactically~*~*~ (hiding).
  3972 | D:3      | 3972 ||| UPGRADING to +0 chain mail.
  3982 | D:3      | 3982 ||| DROPPING +0 scale mail.
  3983 | D:3      | 3983 ||| UPGRADING to +0 cloak.
  3988 | D:3      | 3988 ||| READING 2 scrolls labelled IGUENL LEENLEF.
  3989 | D:3      | 3989 ||| READING 2 scrolls labelled JEYREMEYCO.
  3990 | D:3      | 3990 ||| READING scroll labelled MYLIPNUN LOADULEX.
  3991 | D:3      | 3991 ||| DROPPING scroll of fog.
  3992 | D:3      | 3992 ||| DROPPING scroll of poison.
  4081 | D:4      | Noticed Duvessa
  4081 | D:4      | Noticed Dowan
  4088 | D:4      | HP: 7/35 [Duvessa/+3 short sword of holy wrath (9)]
  4089 | D:4      | 4089 ||| READING scroll of teleportation.
  4089 | D:4      | Slain by Duvessa

Levels and vault maps discovered:
D:1:      lemuel_arrival_funnel, layout_loops_ring, serial_shops,
          nicolae_shop_waterfront, shapermc_ecumenical_altar_gd, minmay_domino_4
D:2:      layout_rooms, serial_undead, serial_undead_f, serial_undead_e,
          serial_undead_d, serial_undead_a, basic_altar
D:3:      layout_basic, nicolae_uskayaw_dance_hall, kennysheep_big_empty_room,
          kennysheep_generic_room_15, uniq_sigmund
D:4:      layout_cave_pods, uniq_duvessa

Skill      XL: |  1  2  3  4  5 |
---------------+----------------+-----
Axes           | 3 4 5 7 |  7.1
Fighting       | |  2.2
Throwing       | |  1.0
Armour         | |  1.1
Dodging        | |  2.1
Spellcasting   | |  2.0
Translocations | |  2.4

Action                   |  1- 3 |  4- 6 || total
-------------------------+-------+-------++-------
Melee: Hand axe          |    43 |       ||    43
       Kick              |    17 |    21 ||    38
       Peck              |    12 |    13 ||    25
       War axe           |    42 |   101 ||   143
       Punch             |       |     1 ||     1
Throw: Boomerang         |     7 |       ||     7
  Use: Scroll            |     2 |     8 ||    10
       Potion            |     1 |     1 ||     2
 Stab: Distracted        |     2 |       ||     2
Armor: Leather armour    |    24 |     5 ||    29
       Scale mail        |       |    17 ||    17
       Chain mail        |       |     7 ||     7
Dodge: Dodged            |    54 |    62 ||   116

Table legend:
 A = Non-vault XP
 B = Vault XP
 C = Vault XP percentage of total XP
 D = Non-vault monster count
 E = Vault monster count
 F = Vault count percentage of total count
                 A         B        C        D         E       F
            +---------+---------+-------+---------+---------+-------
      Total |     175 |     276 |  61.2 |      67 |      13 |  16.2
            +---------+---------+-------+---------+---------+-------
        D:1 |      56 |      10 |  15.2 |      31 |       4 |  11.4
        D:2 |      95 |      31 |  24.6 |      25 |       7 |  21.9
        D:3 |      24 |     235 |  90.7 |      11 |       2 |  15.4
            +---------+---------+-------+---------+---------+-------
